AoeStats
← black forest or quit

Black Forest

510031373Analyzed
2v2 RM · 2d ago on Sep 29, 2026· 56m 38s· 4 players
Game mode
Random Map
Map size
Medium (4 player)
Population
200
Speed
Normal
Resources
Standard
Victory
Conquest
Starting age
Dark Age
Ending age
Imperial Age
RankedLock teamsTeams togetherTeam positionsShared explorationLock speedFull tech treeHidden civsTurbo modeCheats
Victory
Defeat
🇦🇷 Turks · Argentina
1054
+12
🇦🇷 Bohemians · Argentina
1013
+14
🇺🇸 Persians · United States
1016
-14
🇺🇸 Mongols · United States
933
-12
black forest or quit
0:31 Loom
10:48 Feudal Age
12:07 Wheelbarrow
11:22 Double-Bit Axe
20:57 Castle Age
18:56 Horse Collar
19:39 Stone Mining
20:02 Gold Mining
21:12 Fishing Lines
27:23 Heavy Plow
27:50 Fletching
28:00 Padded Archer Armor
28:45 Bodkin Arrow
29:26 Padded Archer Armor
30:24 Leather Archer Armor
35:08 Gold Shaft Mining
36:27 Hand Cart
38:41 Forging
38:37 Scale Barding Armor
40:56 Nomads
41:19 Bloodlines
41:10 Husbandry
41:57 Chain Barding Armor
42:14 Iron Casting
41:59 Light Cavalry
44:43 Bow Saw
48:25 Imperial Age
49:31 Drill
49:08 Onager
50:50 Conscription
51:09 Caravan
51:13 Heavy Scorpion
52:59 Drill
54:11 Siege Engineers
54:47 Ballistics
55:16 Stone Shaft Mining
56:43 Masonry
bradleytori531
0:30 Loom
16:24 Feudal Age
17:09 Horse Collar
17:23 Stone Mining
17:25 Gold Mining
17:28 Double-Bit Axe
23:25 Castle Age
24:18 Heavy Plow
24:55 Stone Shaft Mining
25:00 Gold Shaft Mining
24:41 Bow Saw
24:52 Caravan
25:37 Scale Barding Armor
25:43 Forging
27:58 Chain Barding Armor
28:14 Iron Casting
44:18 Imperial Age
42:27 Wheelbarrow
45:20 Elite War Elephant
48:12 Blast Furnace
48:20 Plate Barding Armor
50:55 Two-Man Saw
50:30 Crop Rotation
50:23 Conscription
55:45 Ballistics
Pipp3n
12:23 Feudal Age
11:22 Loom
13:16 Feudal Age
14:03 Double-Bit Axe
19:03 Castle Age
17:58 Horse Collar
20:51 Bow Saw
24:34 Heavy Plow
26:17 Wheelbarrow
28:55 Hand Cart
37:39 Scale Mail Armor
37:21 Pikeman
40:40 Imperial Age
41:01 Halberdier
42:46 Forging
45:08 Iron Casting
48:17 Blast Furnace
49:09 Chain Mail Armor
52:09 Plate Mail Armor
52:00 Squires
52:31 Conscription
notJorge
0:34 Loom
12:03 Feudal Age
19:17 Castle Age
18:24 Double-Bit Axe
18:20 Horse Collar
20:09 Gold Mining
20:32 Bow Saw
24:00 Stone Mining
25:13 Padded Archer Armor
30:36 Leather Archer Armor
31:21 Wheelbarrow
35:33 Husbandry
36:22 Bloodlines
43:55 Imperial Age
42:02 Forging
41:58 Scale Barding Armor
43:31 Hand Cart
43:01 Town Watch
44:14 Fletching
44:45 Chain Barding Armor
47:38 Gold Shaft Mining
48:43 Elite Janissary
50:03 Iron Casting
50:04 Plate Barding Armor
49:59 Ring Archer Armor
50:11 Artillery
52:20 Blast Furnace
53:30 Conscription
55:37 Caravan
56:54 Town Patrol
Connection lost

Rejoining the realm…

Still unreachable

The connection could not be restored.

Session expired

The server has moved on; the page needs a fresh start.